 Dungeon Sprint DCSS version 0.27.1-2-g3b301248ec (webtiles) character file.

Game seed: 13291322026645777960

0 boopmooplesden the Shield-Bearer (level 3, -2/36 HPs)
             Began as a Minotaur Fighter on Sept 22, 2021.
             Was an Initiate of Okawaru.
             Slain by Sigmund (10 damage)
             ... in the Dungeon (Sprint VI: "Thunderdome").
             The game lasted 00:00:38 (107 turns).

boopmooplesden the Shield-Bearer (Minotaur Fighter)  Turns: 107, Time: 00:00:38

Health: -2/36      AC:  7    Str: 21    XL:     3   Next: 0%
Magic:  2/2        EV:  7    Int:  5    God:    Okawaru [......]
Gold:   200        SH: 10    Dex:  9    Spells: 2/2 levels left

rFire    . . .     SeeInvis .   a - +0 flail
rCold    . . .     Faith    .   c - +0 kite shield
rNeg     . . .     Spirit   .   b - +0 scale mail
rPois    .         Reflect  .   (helmet restricted)
rElec    .         Harm     .   (no cloak)
rCorr    .         Rampage  .   (no gloves)
Will     .....     NoTele   +   (no boots)
Stlth    ..........             (no amulet)
HPRegen  0.12/turn              (no ring)
MPRegen  0.08/turn              (no ring)

@: mighty
A: horns 2, retaliatory headbutt
a: Renounce Religion


You were in the Dungeon.
You worshipped Okawaru.
Okawaru was noncommittal.
You visited 1 branch You collected 200 gold pieces.

Inventory:

Hand Weapons
 a - a +0 flail (weapon)
Armour
 b - a +0 scale mail (worn)
 c - a +0 kite shield (worn)
Wands
 l - a wand of acid (5)
 m - a wand of iceblast (5)
Scrolls
 j - 4 scrolls of blinking
 n - 3 scrolls of fog
Potions
 e - a potion of curing
 f - 4 potions of heal wounds
 g - 4 potions of haste
 h - 2 potions of magic
 i - a potion of berserk rage
 k - a potion of resistance


   Skills:
 + Level 5.4 Fighting
 + Level 3.0 Maces & Flails
 + Level 5.3 Armour
 + Level 5.4 Shields


You had 2 spell levels left.
You didn't know any spells.
Your spell library was empty.

Dungeon Overview and Level Annotations

Branches:
Dungeon (1/1)

Altars:
Cheibriados
Dithmenos
Fedhas
Gozag
Kikubaaqudgha
Makhleb
Okawaru
Qazlal
Ru
Sif Muna
Trog
Uskayaw
Vehumet
Wu Jian
Xom
Yredelemnul
Zin
The Shining One
Beogh
Jiyva
Lugonu

Shops:
D *[??*?*:[((!!!!

Annotations:
D Sigmund


Innate Abilities, Weirdness & Mutations

You have a pair of horns on your head.
You reflexively headbutt those who attack you in melee.


Message History

Found a radiant altar of Vehumet.
Found a bloodstained altar of Trog.
Found a roughly hewn altar of Beogh.
Found Zewap's Identification Station.
Found Tydyadif's Advanced Armour and Niajun's Jewellery.
Found three altars.
Found an ornate altar of the Wu Jian Council.
Found a hide-covered altar of Uskayaw.
Found a stormy altar of Qazlal.
Found Lamauz's Magic Scroll Shop and Puxithrinune's Staff Store.
Found a burning altar of Makhleb.
Found Doykla's Magic Scroll Shop and Jicodu Best's Must-Have Magic.
You see here a +0 club.
Sigmund the Dreaded comes into view.
He is wielding a +4 scythe and wearing a +2 robe of willpower.
Sigmund shouts!
Sigmund points at you and mumbles some strange words.
The magic dart hits you.
You feel very mighty all of a sudden. 50...
Sigmund screams, "Die, monster!"
You block Sigmund's attack. Sigmund barely misses you. You furiously retaliate!
You headbutt Sigmund, but do no damage. You hit Sigmund.
Sigmund is lightly wounded.
Sigmund casts a spell.
Sigmund flickers and vanishes!
Deactivating autopickup; reactivate with Ctrl-A.
You closely miss something. Your headbutt misses something. Something hits you.
You closely miss something. You headbutt something. Something hits you!
You miss something. Something hits you.
You closely miss something. Something hits you!
* * * LOW HITPOINT WARNING * * *
You barely miss something. Something hits you but does no damage.
You barely miss something. Something hits you but does no damage.
You closely miss something. You block something's attack.
You sock something!
You hear some strange, mumbled words.
Something tries to affect you, but you resist.
You closely miss something. Something hits you!
You die...

#⌠...........⌠#
####.8.........8.######
___......###........_∩##
.......8.# #.8........∩##
.........###.............
......###...###..........
......# #.<.# #..........
......###...###..........
.........###...{@........
.......8.# #.8........∩##
___......###.)....___∩##
####.8.........8.######
#⌠.......)...⌠#
###.........###
#_......._# #_........#
#_......._#


There were no monsters in sight!

Vanquished Creatures
  Jessica (D)
  A bat (D)
  A goblin (D)
3 creatures vanquished.

Notes
Turn   | Place    | Note
-------+----------+-------------------------------------------
     0 | D        | boopmooplesden the Minotaur Fighter began the quest for the
                  | Orb.
     0 | D        | Reached XP level 1. HP: 19/19 MP: 0/0
     3 | D        | Found a snail-covered altar of Cheibriados.
     4 | D        | Found an opulent altar of Gozag.
     5 | D        | Found a basalt altar of Yredelemnul.
     5 | D        | Found a shimmering altar of Xom.
     5 | D        | Round 1.
     6 | D        | Found Bopoineg's Distillery.
     6 | D        | Found an ancient bone altar of Kikubaaqudgha.
     6 | D        | Found a sacrificial altar of Ru.
     6 | D        | Found Viwniz Icap's Do-It-Yourself Clinic.
     7 | D        | Found Rodur's Distillery.
     7 | D        | Found Giaskuro's Bottled Wisdom.
    11 | D        | Found an iron altar of Okawaru.
    12 | D        | Noticed Jessica
    13 | D        | Found a glowing silver altar of Zin.
    14 | D        | Found a blossoming altar of Fedhas.
    14 | D        | Found a shimmering blue altar of Sif Muna.
    14 | D        | Found a viscous altar of Jiyva.
    14 | D        | Found Muesoul's Weapon Rack.
    14 | D        | Found Menaor's Premium Goods.
    15 | D        | Found Tiroyn's Basic Armour.
    15 | D        | Found Hecwayga's Miscellaneous Merchandise.
    25 | D        | Killed Jessica
    26 | D        | Reached skill level 5 in Fighting
    26 | D        | Reached skill level 5 in Armour
    26 | D        | Reached skill level 5 in Shields
    26 | D        | Reached XP level 2. HP: 29/29 MP: 1/1
    29 | D        | Became a worshipper of Warmaster Okawaru
    35 | D        | Reached XP level 3. HP: 36/36 MP: 2/2
    37 | D        | Found a radiant altar of Vehumet.
    38 | D        | Found a bloodstained altar of Trog.
    41 | D        | Found Zewap's Identification Station.
    42 | D        | Found Tydyadif's Advanced Armour.
    42 | D        | Found Niajun's Jewellery.
    42 | D        | Found a glowing golden altar of the Shining One.
    42 | D        | Found a shadowy altar of Dithmenos.
    42 | D        | Found a corrupted altar of Lugonu.
    46 | D        | Found an ornate altar of the Wu Jian Council.
    47 | D        | Found a hide-covered altar of Uskayaw.
    48 | D        | Found a stormy altar of Qazlal.
    49 | D        | Found a burning altar of Makhleb.
    49 | D        | Found Lamauz's Magic Scroll Shop.
    49 | D        | Found Puxithrinune's Staff Store.
    50 | D        | Found Doykla's Magic Scroll Shop.
    50 | D        | Found Jicodu Best's Must-Have Magic.
    92 | D        | Noticed Sigmund
   107 | D        | Slain by Sigmund

Illustrated notes

Levels and vault maps discovered:
D:        arena_sprint

Skill      XL: |  1 |
---------------+----+-----
Fighting       | 5 |  5.4
Maces & Flails | 3 |  3.0
Armour         | 5 |  5.3
Shields        | 5 |  5.4

Action                   || total
-------------------------++-------
Melee: Flail             ||    17
       Headbutt          ||     1
  Use: Potion            ||     1
Armor: Scale mail        ||     6
Dodge: Dodged            ||     1
Block: Kite shield       ||     7
